 Dungeon Crawl Stone Soup version 0.29-a0-214-g17f627cfee (webtiles) character file.

Game seed: 15512570710804176011

30599 jlumianski the Torchbearer (level 13, -2/93 HPs)
             Began as a Demonspawn Fire Elementalist on Feb 24, 2022.
             Was a Believer of Yredelemnul.
             Killed by divine providence
             ... invoked by a smoke demon
             ... summoned by an orc sorcerer
              (14 damage)
             ... on level 2 of the Orcish Mines.
             The game lasted 01:43:07 (15646 turns).

jlumianski the Torchbearer (DsFE)                  Turns: 15646, Time: 01:43:27

Health: -2/93      AC: 18    Str: 17    XL:     13   Next: 21%
Magic:  20/26      EV: 18    Int: 16    God:    Yredelemnul [**....]
Gold:   1298       SH:  7    Dex: 16    Spells: 21/31 levels left

rFire   + . .      SeeInvis .   f - +7 demon trident "Joibisa" {freeze, Contam Str+2 Dex+3}
rCold   . . .      Faith    .   Z - +2 buckler {rPois}
rNeg    . . .      Spirit   .   t - +2 robe {Will+}
rPois   +          Reflect  .   c - +2 helmet
rElec   .          Harm     .   b - +0 cloak
rCorr   +          Rampage  .   z - +2 pair of gloves
Will    +....                   G - +2 pair of boots
Stlth   +++.......              W - amulet of regeneration
HPRegen 1.05/turn               p - ring of resist corrosion
MPRegen 0.20/turn               E - +4 ring of evasion

@: about to teleport, spiked
A: hooves 2, molten scales 3, powered by death 1, spiny 2
a: Renounce Religion, Recall Undead Harvest, Dark Bargain


You were on level 2 of the Orcish Mines.
You worshipped Yredelemnul.
Yredelemnul was aware of your devotion.
You visited 3 branches of the dungeon, and saw 16 of its levels.
You also visited: Ossuary.

You collected 1298 gold pieces.

Inventory:

Hand Weapons
 f - the +7 demon trident "Joibisa" (weapon) {freeze, Contam Str+2 Dex+3}
   (You acquired it on level 5 of the Dungeon)

   It freezes those it strikes, dealing additional cold damage.
   It can also slow down cold-blooded creatures.
   Str:       It affects your strength (+2).
   Dex:       It affects your dexterity (+3).
   Contam:    It causes magical contamination when unequipped.
 q - a +5 quick blade
Missiles
 j - 9 poisoned darts
 L - 3 curare-tipped darts
 S - 4 throwing nets
 T - 13 boomerangs
 Y - a silver javelin
Armour
 b - a +0 cloak (worn)
 c - a +2 helmet (worn)
 t - a +2 robe of willpower (worn)
 z - a +2 pair of gloves (worn)
 G - a +2 pair of boots (worn)
 Z - a +2 buckler of poison resistance (worn)
Magical Staves
 a - a staff of earth
Jewellery
 p - a ring of resist corrosion (left hand)
 E - a +4 ring of evasion (right hand)
 H - a ring of ice
 R - a ring of protection from cold
 W - an amulet of regeneration (around neck)
Wands
 e - a wand of iceblast (3)
 n - a wand of paralysis (16)
 s - a wand of polymorph (10)
 w - a wand of mindburst (23)
 B - a wand of flame (12)
Scrolls
 g - a scroll of identify
 k - a scroll of enchant armour
 u - 3 scrolls of immolation
 y - 2 scrolls of fog
 A - 2 scrolls of amnesia
 J - a scroll of silence
 K - 2 scrolls of enchant weapon
 O - 4 scrolls of noise
Potions
 d - a potion of ambrosia
 h - 8 potions of curing
 l - 2 potions of flight
 m - 2 potions of resistance
 C - a potion of magic
 D - 2 potions of cancellation
 Q - 2 potions of might
 X - 4 potions of haste


   Skills:
 + Level 5.6 Fighting
 + Level 1.0 Short Blades
 + Level 4.3 Maces & Flails
 + Level 8.8 Polearms
 + Level 2.0 Armour
 + Level 5.8 Dodging
 + Level 5.4 Stealth
 + Level 2.8 Shields
 + Level 9.8 Spellcasting
 + Level 3.2 Conjurations
 + Level 0.5 Hexes
 + Level 9.5 Fire Magic
 * Level 11.2 Invocations
 + Level 0.2 Evocations


You had 21 spell levels left.
You knew the following spells:

 Your Spells              Type           Power      Damage    Failure   Level
a - Foxfire               Conj/Fire      100%       2x1d9     1%          1
b - Scorch                Fire           76%        2d8       1%          2
c - Inner Flame           Hex/Fire       24%        N/A       4%          3
d - Flame Wave            Conj/Fire      28%        2d8       9%          4

Your spell library contained the following spells:

 Spells                   Type           Power      Damage    Failure   Level
 Conjure Flame            Conj/Fire      28%        6-21      2%          3
 Shock                    Conj/Air       52%        1d6       6%          1
 Slow                     Hex            36%        N/A       10%         1
 Apportation              Tloc           14%        N/A       12%         1
 Sandblast                Erth           14%        2d6       12%         1
 Passwall                 Tmut/Erth      5%         N/A       19%         2
 Stone Arrow              Conj/Erth      26%        3d8       19%         3
 Confusing Touch          Hex            9%         N/A       30%         3
 Gell's Gravitas          Tloc           7%         N/A       36%         3
 Swiftness                Air            7%         N/A       36%         3
 Teleport Other           Tloc           7%         N/A       36%         3
 Vampiric Draining        Necr           7%         2d6       36%         3
 Leda's Liquefaction      Hex/Erth       4%         N/A       73%         4
 Airstrike                Air            3%         N/A       77%         4
 Animate Armour           Summ/Erth      14%        N/A       77%         4
 Animate Dead             Necr           3%         N/A       77%         4
 Alistair's Intoxication  Tmut/Pois      4%         N/A       98%         5
 Borgnjor's Vile Clutch   Necr/Erth      3%         N/A       98%         5
 Lee's Rapid Deconstruct  Erth           3%         3d6*      98%         5
 Dispersal                Tloc           3%         N/A       100%        6
 Iron Shot                Conj/Erth      6%         9d2       100%        6
 Statue Form              Tmut/Erth      4%         N/A       100%        6
 Haunt                    Necr/Summ      3%         N/A       100%        7
 Infestation              Necr           3%         N/A       100%        8
 Lehudib's Crystal Spear  Conj/Erth      6%         10d3      100%        8
 Shatter                  Erth           3%         3d7*      100%        9


Dungeon Overview and Level Annotations

Branches:
Dungeon (13/15)            Temple (1/1) D:5            Lair (0/6) D:11
    Orc (2/2) D:12        Ossuary (visited)
    Elf: Orc:2       Vaults: D:13-14

Altars:
Ashenzari
Cheibriados
Dithmenos
Elyvilon
Fedhas
Gozag
Hepliaklqana
Kikubaaqudgha
Makhleb
Nemelex Xobeh
Okawaru
Qazlal
Ru
Sif Muna
Trog
Uskayaw
Vehumet
Wu Jian
Xom
Yredelemnul
Zin
The Shining One

Shops:
D:5 [   D:9 (

Annotations:
Orc:2 1 runed translucent door, BubbleThief's ghost, journeyman DsNe


Innate Abilities, Weirdness & Mutations

You have hoof-like feet.
You are completely covered in molten scales. (AC +4, rF+)
You regenerate a little health from kills.
You are mostly covered in sharp spines.


Message History

The orc warrior closely misses you.
The orc high priest hits your orc warrior zombie with a +0 long sword!
Your orc warrior zombie hits the red devil but does no damage.
You block the orc high priest's attack.
The orc knight hits your orc warrior zombie with a +0 great sword!!
Your orc warrior zombie is destroyed!
The red devil hits you from afar with a +0 trident!
Barbed spikes become lodged in your body.
The barbs in your skin will harm you if you move.
Continue?
Okay, then.
You hit the orc knight but do no damage.
The orc knight is lightly wounded.
The orc warrior barely misses you.
Your orc sorcerer zombie hits the orc high priest but does no damage.
The orc high priest invokes the aid of Beogh against you.
Beogh smites you!
Your orc warrior zombie barely misses the red devil.
The orc knight hits you with a +0 great sword!
* * * LOW HITPOINT WARNING * * *
The red devil hits you from afar with a +0 trident.
* * * LOW HITPOINT WARNING * * *
Barbed spikes become lodged in your body.
Unknown command.
Okay, then.
As you read the scroll of teleportation, it crumbles to dust.
You feel strangely unstable. You block the orc high priest's attack.
The orc high priest calls upon Beogh to heal the orc knight.
The orc knight is healed somewhat.
Something hits your orc warrior zombie.
Your orc sorcerer zombie misses the orc high priest.
The red devil hits you from afar with a +0 trident!
* * * LOW HITPOINT WARNING * * *
Barbed spikes become lodged in your body.
Your orc warrior zombie hits the orc high priest.
You feel better.
The orc priest miscasts a cantrip.
You block the orc high priest's attack. The smoke demon gestures at you.
Something smites you!
You die...
Your body rises from the dead as a mindless zombie.

#.#............ ....
#............ ....
#............ .....
#.).......... ÷.÷÷.
##...)[....... #...oo
#.)..#.)...... #..oo#
##...##).......
#..3oo##....##.......#
#44o@Z)..##.........
##{ZZ...##..........
###Z..##Z..........
#####Z...........
#..Z.#####.....# #
###.####.#....### ##
##.)).#......### .##
#...ZZ......## ..#
##.#.)......#


You could see 2 orc knights, 2 orc high priests, an orange demon (summoned), a
smoke demon (summoned), an orc sorcerer (strong), a red devil (summoned, ally
target), an orc warrior (strong), an orc priest (strong), 2 friendly orc warrior
zombies, a friendly orc wizard zombie and a friendly orc sorcerer zombie.

Vanquished Creatures
  Snorg (Orc:2)
  Harold (D:7)
  A hydra (D:13)
  A centaur warrior (D:11)
  The ghost of lordive the Grappler, a novice TrWr (D:8)
  Amaemon (D:7)
  4 two-headed ogres
  Lodul (D:12)
  2 orc knights
  Pikel (D:4)
  2 orc sorcerers (Orc:2)
  A cyclops (D:12)
  Maurice (D:12)
  An orange demon (D:7)
  A gargoyle (D:12)
  An unseen horror (D:11)
  A komodo dragon (D:11)
  4 trolls
  Grinder (D:5)
  A hornet (D:9)
  A hornet (shapeshifter) (D:13)
  31 yaks
  2 shadows
  2 wraiths
  A ynoxinul (D:8)
  A basilisk (D:11)
  9 vampire mosquitoes
  A steam dragon (D:7)
  A warg (Orc:1)
  Edmund (D:5)
  A hornet zombie (D:6)
  16 orc warriors
  3 black bears
  An ice beast (D:5)
  3 sky beasts
  3 necrophages
  11 ogres
  10 centaurs
  2 lemures (D:4)
  A phantom (D:7)
  A kobold brigand (D:7)
  Blork the orc (D:5)
  A gnoll sergeant (D:9)
  A scorpion (D:5)
  A wyvern zombie (D:3)
  A water moccasin skeleton (D:6)
  2 yak zombies
  3 wights (D:9)
  4 howler monkeys
  A bullfrog zombie (D:6)
  6 centaur zombies
  2 jellies (D:6)
  8 orc priests
  3 gnoll shamans
  Jessica (D:2)
  2 hounds
  Ijyb (D:5)
  4 iguanas
  13 orc wizards
  3 mummies (Ossuary)
  A howler monkey zombie (D:8)
  16 gnolls
  11 adders
  2 white imps
  An ufetubus (D:5)
  An adder skeleton (D:2)
  3 worms
  2 dart slugs (D:1)
  55 orcs
  3 bats
  8 endoplasms
  2 giant cockroaches
  2 gnoll zombies
  2 goblins
  8 hobgoblins
  3 jackals (D:5)
  10 kobolds
  2 quokkas (D:1)
  4 ball pythons
  2 frilled lizards
  A goblin zombie (Ossuary)
  7 hobgoblin zombies (Ossuary)
  3 kobold zombies (Ossuary)
  3 orc zombies
  3 quokka zombies (Ossuary)
  6 rats
  2 rat zombies (Ossuary)
351 creatures vanquished.

Vanquished Creatures (collateral kills)
  A boulder beetle (D:12)
  A two-headed ogre (D:12)
  An ugly thing (D:12)
  An elephant (D:11)
  The ghost of AlmostDecent the Bolt Thrower, an amateur DsHu (D:5)
  11 yaks
  A warg (Orc:2)
  2 vampire mosquitoes
  2 ogres
  A water moccasin zombie (D:5)
  A howler monkey (D:8)
  2 centaur zombies
  A centaur skeleton (D:7)
  A bullfrog skeleton (D:6)
  An orc priest (D:8)
  4 orc wizards
  A howler monkey zombie (D:8)
  3 gnolls
  A shadow imp (D:5)
  4 orc zombies (D:8)
  7 orcs
48 creatures vanquished.

Vanquished Creatures (others)
  A hydra zombie (D:13)
  2 two-headed ogre zombies (D:12)
  A hornet zombie (D:13)
  3 vampire mosquito zombies
  A cyclops zombie (D:12)
  A troll zombie (Orc:1)
  15 yak zombies
  3 centaur zombies
  3 ogre zombies
  A sky beast zombie (D:8)
  A howler monkey zombie (D:8)
  A spectral jelly (D:6)
  2 gnolls (D:8)
  An adder zombie (D:5)
  An iguana zombie (D:6)
  33 orc zombies
  A spectral white imp (D:6)
  2 orcs
  4 gnoll zombies
  A hobgoblin zombie (D:4)
  2 jackal zombies (D:5)
  268 foxfires
  2 fungi (D:11)
  3 plants (D:8)
353 creatures vanquished.

Grand Total: 752 creatures vanquished

Notes
Turn   | Place    | Note
-------+----------+-------------------------------------------
     0 | D:1      | jlumianski the Demonspawn Fire Elementalist began the quest
                  | for the Orb.
     0 | D:1      | Reached XP level 1. HP: 13/13 MP: 3/3
   307 | D:1      | Gained mutation: You are partially covered in molten
                  | scales. (AC +2) [demonic ancestry]
   307 | D:1      | Reached XP level 2. HP: 16/19 MP: 3/5
   612 | D:1      | Learned a level 2 spell: Scorch
  1160 | D:2      | Found a faded altar of an unknown god.
  1338 | D:2      | Gained mutation: You regenerate a little health from kills.
                  | [demonic ancestry]
  1338 | D:2      | Reached XP level 3. HP: 24/24 MP: 2/6
  1652 | D:2      | Noticed Jessica
  1675 | D:2      | Killed Jessica
  1676 | D:2      | Reached XP level 4. HP: 4/30 MP: 0/7
  1965 | D:2      | You fall into a shaft and drop 1 floor!
  1965 | D:3      | Found a bloodstained altar of Trog.
  2683 | D:3      | Reached XP level 5. HP: 21/36 MP: 1/9
  3180 | D:3      | Reached skill level 1 in Short Blades
  4222 | D:4      | Gained mutation: You have large cloven feet. [demonic
                  | ancestry]
  4222 | D:4      | Reached XP level 6. HP: 42/42 MP: 6/10
  4396 | D:3      | Reached skill level 1 in Armour
  4697 | D:4      | Noticed Pikel
  4722 | D:5      | Entered Level 5 of the Dungeon
  4731 | D:5      | Found a staircase to the Ecumenical Temple.
  4745 | Temple   | Entered the Ecumenical Temple
  4904 | Temple   | Became a worshipper of Yredelemnul the Dark
  5029 | D:5      | Reached * piety under Yredelemnul
  5082 | D:5      | Noticed Blork the orc
  5094 | D:5      | Killed Blork the orc
  5095 | D:5      | Reached skill level 1 in Fighting
  5143 | D:5      | Noticed Grinder
  5157 | D:5      | Killed Grinder
  5158 | D:5      | Reached skill level 1 in Maces & Flails
  5158 | D:5      | Gained mutation: You are partially covered in sharp spines.
                  | [demonic ancestry]
  5158 | D:5      | Reached XP level 7. HP: 35/48 MP: 3/13
  5272 | D:5      | Reached skill level 5 in Fire Magic
  5272 | D:5      | Reached ** piety under Yredelemnul
  5440 | D:5      | Reached *** piety under Yredelemnul
  5593 | D:5      | Found a runed translucent door.
  5593 | D:5      | Noticed AlmostDecent's ghost (amateur DsHu)
  5593 | D:5      | Noticed a wraith
  5610 | D:5      | Your ally Blork died
  5614 | D:5      | Killed AlmostDecent's ghost
  5615 | D:5      | Reached skill level 1 in Invocations
  5615 | D:5      | Gained mutation: You are mostly covered in sharp spines.
                  | [demonic ancestry]
  5615 | D:5      | Reached XP level 8. HP: 55/55 MP: 1/15
  5619 | D:5      | Reached skill level 5 in Spellcasting
  5742 | D:5      | Found Yxiug's Armour Shoppe.
  5832 | D:4      | Killed Pikel
  6371 | D:5      | Noticed Ijyb
  6376 | D:5      | Gained mutation: You have hoof-like feet. [demonic
                  | ancestry]
  6376 | D:5      | Reached XP level 9. HP: 61/61 MP: 11/17
  6385 | D:5      | Killed Ijyb
  6595 | D:5      | Noticed Edmund
  6602 | D:5      | Killed Edmund
  7048 | D:5      | Identified 2 scrolls of acquirement
  7048 | D:5      | Acquired the +7 demon trident "Joibisa" {freeze, Contam
                  | Str+2 Dex+3}
  7050 | D:5      | Acquired a +4 quick blade
  7355 | D:6      | Reached skill level 1 in Polearms
  7886 | D:6      | Learned a level 3 spell: Inner Flame
  7993 | D:7      | Noticed Harold
  8039 | D:7      | Reached skill level 2 in Invocations
  8091 | D:7      | Acquired the Catalogue of the Mountains
  8199 | D:7      | Found a sand-covered staircase.
  8213 | D:7      | Reached skill level 3 in Invocations
  8244 | Ossuary  | Entered an ossuary
  8482 | D:7      | Reached XP level 10. HP: 68/68 MP: 20/20
  8521 | D:7      | Noticed Amaemon
  8523 | D:7      | Noticed an orange demon
  8533 | D:7      | Killed Amaemon
  8537 | D:7      | Killed an orange demon
  8538 | D:7      | Reached skill level 4 in Invocations
  8556 | D:7      | Reached skill level 5 in Polearms
  8753 | D:7      | Killed Harold
  8754 | D:7      | Reached skill level 5 in Invocations
  9962 | D:8      | Noticed lordive's ghost (novice TrWr)
  9969 | D:8      | Found a runed translucent door.
 10319 | D:8      | Got the Tome of Earth
 10599 | D:8      | Killed lordive's ghost
 10766 | D:9      | Reached XP level 11. HP: 75/75 MP: 22/22
 11053 | D:9      | Reached skill level 6 in Invocations
 11328 | D:9      | Found Piteduacw's Antique Weapon Shoppe.
 11719 | D:10     | Entered Level 10 of the Dungeon
 11727 | D:10     | Reached skill level 5 in Stealth
 12153 | D:10     | Reached skill level 7 in Invocations
 12264 | D:10     | Reached skill level 1 in Shields
 12422 | D:10     | Noticed a two-headed ogre
 12430 | D:10     | Killed a two-headed ogre
 12577 | D:11     | Reached skill level 8 in Invocations
 12609 | D:11     | Found a staircase to the Lair.
 12611 | D:11     | Noticed a centaur warrior
 12657 | D:11     | Killed a centaur warrior
 12658 | D:11     | Gained mutation: You are mostly covered in molten scales.
                  | (AC +3) [demonic ancestry]
 12658 | D:11     | Reached XP level 12. HP: 76/84 MP: 17/24
 12668 | D:11     | Reached skill level 5 in Dodging
 12730 | D:11     | Reached skill level 9 in Invocations
 12768 | D:11     | Reached skill level 5 in Fighting
 13286 | D:12     | Noticed a boulder beetle
 13286 | D:12     | Noticed a two-headed ogre
 13438 | D:12     | Noticed Maurice
 13468 | D:12     | Killed Maurice
 13667 | D:12     | Killed a two-headed ogre
 13676 | D:12     | Noticed a two-headed ogre
 13681 | D:12     | Noticed Lodul
 13685 | D:12     | Noticed a two-headed ogre
 13686 | D:12     | Killed a two-headed ogre
 13686 | D:12     | Noticed a two-headed ogre
 13712 | D:11     | Killed a two-headed ogre
 13797 | D:12     | Killed a two-headed ogre
 13804 | D:12     | Killed Lodul
 13805 | D:12     | Reached skill level 10 in Invocations
 13892 | D:12     | Noticed a boulder beetle
 13908 | D:12     | Found a staircase to the Orcish Mines.
 13936 | D:12     | Your ally Lodul died
 13949 | D:12     | Paralysed by an orc for 2 turns
 13970 | D:12     | Killed a boulder beetle
 14353 | D:12     | Learned a level 4 spell: Flame Wave
 14380 | D:13     | Noticed a six-headed hydra
 14392 | D:13     | Killed a six-headed hydra
 14411 | D:13     | Noticed a fire giant
 14416 | D:13     | Noticed an ettin
 14418 | D:13     | Noticed a deep elf annihilator
 14418 | D:13     | Noticed a two-headed ogre
 14509 | Orc:1    | Entered Level 1 of the Orcish Mines
 14818 | Orc:1    | Gained mutation: You are completely covered in molten
                  | scales. (AC +4, rF+) [demonic ancestry]
 14818 | Orc:1    | Reached XP level 13. HP: 83/92 MP: 22/26
 14912 | Orc:1    | Found a bloodstained altar of Trog.
 14940 | Orc:1    | Reached **** piety under Yredelemnul
 15138 | Orc:2    | Entered Level 2 of the Orcish Mines
 15184 | Orc:2    | Found a runed translucent door.
 15199 | Orc:2    | Noticed BubbleThief's ghost (journeyman DsNe)
 15342 | Orc:2    | Noticed Snorg
 15387 | Orc:2    | Reached skill level 11 in Invocations
 15401 | Orc:2    | Killed Snorg
 15645 | Orc:2    | HP: 4/93 [red devil/+0 trident[an orc high priest] (11)]
 15646 | Orc:2    | Killed from afar by a smoke demon

Illustrated notes

Levels and vault maps discovered:
D:1:      zaba_arrival_water, layout_loops_ring, minmay_ruptured
D:2:      layout_basic, shapermc_ecumenical_altar_mp_highgroup,
          chequers_serial_rivers_micro_e, uniq_jessica
D:3:      layout_basic, mainiacjoe_overflow_cross_hatched
D:4:      layout_basic, minmay_checkerbox, uniq_pikel
D:5:      black_bear_nest_2, layout_basic, minmay_temple_entry_slanted,
          serial_shops, shop, ebering_ghost_inner_flame, uniq_ijyb,
          uniq_grinder, uniq_edmund, uniq_blork_the_orc
D:6:      layout_loops_cross, grunt_ministairs_6, grunt_tough_drop
D:7:      layout_layer_cave, enter_ossuary_5, uniq_harold, uniq_amaemon
D:8:      layout_gridville, hellmonk_ghost_big_iron
D:9:      layout_irregular_city, serial_shops, shop
D:10:     layout_gridville
D:11:     layout_basic, david_lair_generic, chequers_decorated_corner
D:12:     layout_irregular_city, david_orc_2, nzn_sisyphean_effort, uniq_lodul,
          uniq_maurice
D:13:     minmay_textured_paths, layout_rooms, serial_corexii_hall,
          corexii_hall_statues_x, corexii_hall_statues_s,
          nicolae_qazlal_scattered_showers
Temple:   minmay_crystal_snake_temple
Orc:1:    layout_diamond_mine, basic_altar, nicolae_orc_damp_corner
Orc:2:    grunt_orc_tribal_feast, layout_caves, ebering_ghost_reflecting_pool,
          serial_shops, nicolae_shop_trees, uniq_snorg

Skill      XL: |  1  2  3  4  5  6  7  8  9 10 11 12 13 |
---------------+----------------------------------------+-----
Stealth        | 2 3 4 5 |  5.4
Fire Magic     | 3 4 5 6 7 8 9 |  9.5
Dodging        | 2 3 4 5 |  5.8
Spellcasting   | 3 4 5 6 7 8 9 |  9.8
Short Blades   | 1 |  1.0
Armour         | 1 2 |  2.0
Fighting       | 1 2 3 4 5 |  5.6
Maces & Flails | 1 2 4 |  4.3
Invocations    | 1 3 5 8 10 11 | 11.2
Conjurations   | 2 3 |  3.2
Polearms       | 4 6 7 8 |  8.8
Shields        | 1 2 |  2.8
Hexes          | |  0.5
Evocations     | |  0.2

Action                   |  1- 3 |  4- 6 |  7- 9 | 10-12 | 13-15 || total
-------------------------+-------+-------+-------+-------+-------++-------
Melee: Unarmed           |     4 |       |       |       |       ||     4
       Short sword       |    30 |    16 |       |       |       ||    46
       Morningstar       |       |    23 |    48 |       |       ||    71
       Kick              |       |     4 |     7 |       |       ||    11
       Punch             |       |       |     2 |     1 |       ||     3
       Demon trident     |       |       |    85 |   304 |    87 ||   476
 Cast: Foxfire           |    29 |    36 |    19 |    60 |     7 ||   151
       Scorch            |    13 |    40 |    40 |   101 |    16 ||   210
       Inner Flame       |       |       |       |     8 |       ||     8
       Flame Wave        |       |       |       |     1 |     2 ||     3
Invok: Recall Undead Har |       |     2 |     3 |     6 |     1 ||    12
       Dark Bargain      |       |       |       |     2 |       ||     2
Evoke: Wand              |       |       |       |       |     3 ||     3
  Use: Potion            |       |       |     4 |     1 |     3 ||     8
       Scroll            |       |       |    15 |     8 |     1 ||    24
 Stab: Sleeping          |     1 |     2 |    12 |     4 |     1 ||    20
       Distracted        |       |       |     1 |     8 |     1 ||    10
Armor: Robe              |    11 |       |    66 |   110 |    27 ||   214
       Leather armour    |     2 |    21 |       |       |       ||    23
       Skin              |       |     3 |       |       |       ||     3
Dodge: Dodged            |    22 |    33 |   104 |   292 |    81 ||   532
Block: Buckler           |       |       |       |    99 |    41 ||   140

Table legend: (Time is in decaauts)
 A = Elapsed time spent in this place.
 B = Non-inter-level travel time spent in this place.
 C = Inter-level travel time spent in this place.
 D = Time resting spent in this place.
 E = Time spent auto-exploring this place.
 F = Levels seen in this place.
 G = Mean time per level.
                   A        B        C        D        E       F      G
               +--------+--------+--------+--------+--------+-----+--------+
         Total |  15680 |  15509 |    171 |   1615 |   9221 |  17 |  922.4 |
       Dungeon |  14210 |  14040 |    170 |   1531 |   8591 |  13 | 1093.1 |
        Temple |    224 |    224 |      0 |      0 |     92 |   1 |  224.0 |
  Orcish Mines |   1063 |   1063 |      0 |     38 |    538 |   2 |  531.5 |
       Ossuary |    182 |    182 |      0 |     46 |      0 |   1 |  182.0 |
               +--------+--------+--------+--------+--------+-----+--------+

Top non-repeatable levels by time:
     D:5: 1717 daAuts
     D:3: 1681 daAuts
     D:7: 1497 daAuts
     D:2: 1347 daAuts
     D:1: 1208 daAuts
    D:12: 1179 daAuts
     D:8: 1172 daAuts
     D:9: 987 daAuts
     D:4: 951 daAuts
     D:6: 814 daAuts
    D:10: 773 daAuts
    D:11: 758 daAuts
   Orc:1: 620 daAuts
   Orc:2: 443 daAuts
  Temple: 224 daAuts
